 Dungeon Crawl Stone Soup version 0.23-a0-417-gf02c810 (webtiles) character file.

119 magicm the Shield-Bearer (level 5, 0/41 HPs)
             Began as a Human Fighter on Nov 10, 2018.
             Slain by Crazy Yiuf
             ... wielding a +2 quarterstaff of chaos
              (11 damage)
             ... on level 3 of the Dungeon.
             The game lasted 00:07:57 (2051 turns).

magicm the Shield-Bearer (Human Fighter)            Turns: 2051, Time: 00:07:58

Health: 0/41       AC: 10    Str: 17    XL:     5   Next: 23%
Magic:  5/5        EV:  4    Int:  9    God:
Gold:   108        SH:  9    Dex: 12    Spells: 4/4 levels left

rFire    . . .     SeeInvis .   a - +2 long sword {Deathbringer}
rCold    . . .     Gourm    .   c - +0 shield
rNeg     + . .     Faith    .   e - +0 chain mail
rPois    .         Spirit   .   (no helmet)
rElec    .         Reflect  .   (no cloak)
rCorr    .         Harm     .   v - +0 pair of gloves
MR       .....                  (no boots)
Stlth    ..........             (no amulet)
HPRegen  0.13/turn              g - ring of positive energy
MPRegen  0.09/turn              (no ring)

@: lethally poisoned (0 -> -10)
A: no striking features
a: no special abilities


You were on level 3 of the Dungeon.
You were hungry.

You visited 1 branch of the dungeon, and saw 3 of its levels.

You collected 108 gold pieces.

Inventory:

Hand Weapons
 a - a +2 long sword (weapon) {Deathbringer}
Armour
 b - a +0 scale mail
 c - a +0 shield (worn)
 e - a +0 chain mail (worn)
 v - a +0 pair of gloves (worn)
Jewellery
 g - a ring of positive energy (left hand)
 o - an uncursed amulet of magic regeneration {unknown}
 q - an uncursed ring of protection from cold {unknown}
Wands
 r - a wand of clouds (3)
 s - a wand of acid (13)
Scrolls
 j - 2 scrolls of amnesia
 u - a scroll of fog
Potions
 d - 2 potions of might
 h - a potion of brilliance {unknown}
 i - 2 potions of flight {unknown}
 k - a potion of curing {unknown}
 l - a potion of haste {unknown}
 m - 3 potions of degeneration {unknown}
 n - a potion of ambrosia {unknown}
 p - a potion of invisibility
 t - a potion of experience {unknown}
Comestibles
 f - 6 rations


   Skills:
 + Level 3.2 Fighting
 + Level 2.8 Long Blades
 + Level 3.8 Armour
 + Level 0.1 Dodging
 + Level 4.2 Shields


You had 4 spell levels left.
You didn't know any spells.
Your spell library was empty.

Dungeon Overview and Level Annotations

Branches:
Dungeon (3/15)

Altars:
Dithmenos

Annotations:
D:3 Crazy Yiuf


Message History

Crazy Yiuf is heavily wounded.
Crazy Yiuf hits you but does no damage.
Your shield and chain mail prevent you from hitting Crazy Yiuf.
Crazy Yiuf is heavily wounded.
Crazy Yiuf hits you but does no damage.
You hit Crazy Yiuf.
Crazy Yiuf is severely wounded.
Crazy Yiuf says, "Candle cower bush!"
Crazy Yiuf drinks a potion.
Crazy Yiuf flickers and vanishes!
Deactivating autopickup; reactivate with Ctrl-A.
Something hits you!
You closely miss something. Something hits you. Something burns you.
Your shield and chain mail prevent you from hitting something.
Something hits you. Something freezes you.
You closely miss something. Something hits you.
You are poisoned.
Something hits you!
* * * LOW HITPOINT WARNING * * *
You are electrocuted!
You die...

.....##.........#
.....##.........#
.....##....######
.....##..>.#
.....##.[..#
#####
.######....#
#)..# .# #....#
#...# ## #....#
#.{.# ###### #@#
##### ♣.♣♣ #...#
♣♣.♣ #...# ♣.♣♣
##...####### ♣♣.♣
#..........#
♣♣.♣♣
#..........#
♣♣...♣
#..........#
♣....♣
#..........#
##..##


There were no monsters in sight!

Vanquished Creatures
  Ijyb (D:3)
  3 adders
  2 oozes (D:3)
  2 worms
  3 dart slugs
  2 orcs (D:3)
  2 ball pythons (D:1)
  3 bats
  4 giant cockroaches
  7 goblins
  4 hobgoblins
  A quokka (D:2)
  4 frilled lizards
  3 kobolds
  5 rats
46 creatures vanquished.

Notes
Turn   | Place    | Note
-------+----------+-------------------------------------------
     0 | D:1      | magicm the Human Fighter began the quest for the Orb.
     0 | D:1      | Reached XP level 1. HP: 18/18 MP: 1/1
   221 | D:1      | Reached XP level 2. HP: 15/24 MP: 2/2
   858 | D:2      | Reached XP level 3. HP: 29/29 MP: 3/3
   913 | D:2      | Found a shadowy altar of Dithmenos.
  1647 | D:3      | Reached XP level 4. HP: 34/35 MP: 4/4
  1797 | D:3      | Noticed Ijyb
  1815 | D:3      | Killed Ijyb
  1896 | D:3      | Reached skill level 4 in Shields
  1896 | D:3      | Reached XP level 5. HP: 37/41 MP: 5/5
  2035 | D:3      | Found a runed door.
  2039 | D:3      | Noticed Crazy Yiuf
  2051 | D:3      | Slain by Crazy Yiuf

Vault maps used:
D:1:      dpeg_arrival_castle, minmay_heptomino_w4
D:2:      first_ration, nicolae_dithmenos_through_a_glass_darkly
D:3:      minmay_joined_circles, uniq_jessica, uniq_crazy_yiuf_cottage,
          uniq_ijyb

Skill      XL: |  1  2  3  4 |
---------------+-------------+-----
Shields        | 4 |  4.2
Fighting       | |  3.2
Long Blades    | |  2.8
Armour         | |  3.8
Dodging        | |  0.1

Action                   |  1- 3 |  4- 6 || total
-------------------------+-------+-------++-------
Melee: Long sword        |    94 |    72 ||   166
  Use: Scroll            |     9 |     2 ||    11
  Eat: Ration            |     1 |       ||     1
Armor: Chain mail        |    57 |    45 ||   102
       Scale mail        |     5 |       ||     5
Dodge: Dodged            |    17 |    16 ||    33
Block: Shield            |    52 |    33 ||    85
       Rpst.: Long sword |     6 |     7 ||    13

Table legend:
 A = Non-vault XP
 B = Vault XP
 C = Vault XP percentage of total XP
 D = Non-vault monster count
 E = Vault monster count
 F = Vault count percentage of total count
                 A         B        C        D         E       F
            +---------+---------+-------+---------+---------+-------
      Total |      88 |      82 |  48.2 |      35 |      11 |  23.9
            +---------+---------+-------+---------+---------+-------
        D:1 |      22 |       5 |  18.5 |      11 |       3 |  21.4
        D:2 |      35 |       0 |   0.0 |      12 |       0 |   0.0
        D:3 |      31 |      77 |  71.3 |      12 |       8 |  40.0
            +---------+---------+-------+---------+---------+-------
